 Seeded DCSS version 0.28-a0-973-ga7f8b01127 (webtiles) character file.

Game seed: 20211012 (custom seed)

19258 a11behringer the Severer (level 12, -13/159 HPs)
             Began as a Minotaur Berserker on Dec 2, 2021.
             Was an Elder of Trog.
             Shot with an arrow by a deep elf archer (19 damage)
             ... on level 13 of the Dungeon.
             The game lasted 00:34:20 (13061 turns).

a11behringer the Severer (Minotaur Berserker)      Turns: 13061, Time: 00:34:20

Health: -13/159    AC: 19    Str: 26    XL:     12   Next: 34%
Magic:  11/11      EV:  9    Int: 10    God:    Trog [****..]
Gold:   420        SH:  0    Dex: 11    Spells: 11/11 levels left

rFire   . . .      SeeInvis .   i - +4 battleaxe of Execution {vorpal, rN++ Will+}
rCold   . . .      Faith    .   (shield currently unavailable)
rNeg    + + .      Spirit   .   q - +1 plate armour
rPois   .          Reflect  .   (helmet restricted)
rElec   .          Harm     .   (no cloak)
rCorr   +          Rampage  .   t - +0 pair of gloves
Will    +++..                   y - +0 pair of boots
Stlth   ..........              (no amulet)
HPRegen 1.36/turn               c - +6 ring of intelligence
MPRegen 0.12/turn               K - ring of resist corrosion

@: berserking (expiring), strong-willed, regenerating, very quick
A: horns 2, retaliatory headbutt
a: Renounce Religion, Berserk, Trog's Hand, Brothers in Arms


You were on level 13 of the Dungeon.
You worshipped Trog.
Trog was greatly pleased with you.
You visited 1 branch of the dungeon, and saw 13 of its levels.
You also visited: Sewer.

You collected 596 gold pieces.
You spent 176 gold pieces at shops.

Inventory:

Hand Weapons
 a - a +0 hand axe
 i - the +4 battleaxe of Execution (weapon) {vorpal, rN++ Will+}
   (You acquired it on level 7 of the Dungeon)

   It inflicts extra damage upon your enemies.
   rN:        It greatly protects you from negative energy.
   Will:      It increases your willpower.
 u - a +0 war axe
 v - a +0 shortbow
 D - a +4 morningstar of freezing
 E - a +6 halberd
 F - a +2 hand axe of flaming
 O - a +2 battleaxe of flaming
 R - a +3 war axe
Missiles
 f - 388 arrows
 n - 90 bolts
 p - 112 sling bullets
Armour
 b - a +0 animal skin
 d - a +0 scale mail
 l - a +0 kite shield
 o - a +0 chain mail
 q - a +1 plate armour (worn)
 t - a +0 pair of gloves (worn)
 y - a +0 pair of boots (worn)
 I - a +0 kite shield of positive energy
Jewellery
 c - a +6 ring of intelligence (left hand)
 K - a ring of resist corrosion (right hand)
Wands
 w - a wand of flame (44)
 C - a wand of iceblast (13)
 J - a wand of acid (7)
Scrolls
 h - 5 scrolls of teleportation
 r - 2 scrolls of magic mapping
 x - a scroll of immolation
 A - 2 scrolls of torment
 B - 5 scrolls of blinking
 G - 3 scrolls of fog
 L - a scroll of amnesia {unknown}
 M - a scroll of vulnerability {unknown}
 N - a scroll of fear
 Q - a scroll of silence {unknown}
Potions
 e - a potion of might
 g - 2 potions of haste
 j - 4 potions of curing
 k - 2 potions of mutation
 m - 4 potions of magic
 s - a potion of brilliance
 z - 3 potions of heal wounds
 H - 2 potions of flight
 P - a potion of invisibility
 S - a potion of lignification {unknown}


   Skills:
 + Level 10.1 Fighting
 * Level 19.2 Axes
 + Level 11.8 Armour
 + Level 3.3 Dodging


You had 11 spell levels left.
You didn't know any spells.
Your spell library was empty.

Dungeon Overview and Level Annotations

Branches:
Dungeon (13/15)            Temple (0/1) D:5            Lair (0/6) D:9
    Orc (0/2) D:10          Sewer (visited)
 Vaults: D:13-14

Altars:
Dithmenos
Ru
Wu Jian

Shops:
D:2 (   D:7 !   D:9 [


Innate Abilities, Weirdness & Mutations

You have a pair of horns on your head.
You reflexively headbutt those who attack you in melee.


Message History

Your Fighting skill increases to level 10!
The deep elf knight gestures wildly while chanting.
The deep elf knight flickers and vanishes!
Deactivating autopickup; reactivate with Ctrl-A.
The deep elf archer unwields a +0 longbow.
The deep elf archer wields a +0 dagger.
The deep elf archer hits you with a +0 dagger!
* * * LOW HITPOINT WARNING * * *
The deep elf knight casts a spell.
The deep elf knight seems to speed up.
You see here a +2 short sword of flaming.
You slice the deep elf knight!!
The deep elf knight is severely wounded.
You barely miss the deep elf archer. You completely miss something.
Something hits you!
* * * LOW HITPOINT WARNING * * *
You slash the deep elf knight!
The deep elf knight is almost dead.
You barely miss the deep elf archer. You slash something!
The deep elf knight unwields a +0 shortbow.
The deep elf knight wields a +0 short sword.
The deep elf knight hits you with a +0 short sword.
* * * LOW HITPOINT WARNING * * *
The deep elf archer gestures wildly while chanting.
The deep elf archer blinks!
Something completely misses you.
You slice the deep elf knight!!
You kill the deep elf knight!
Trog accepts your kill.
Trog appreciates your killing of a magic user.
You completely miss something. Something hits you but does no damage.
You slice something!! Trog accepts your kill.
Trog appreciates your killing of a magic user.
Reactivating autopickup.
You feel a bit more experienced.
The deep elf archer unwields a +0 dagger.
The deep elf archer wields a +0 longbow.
The deep elf archer shoots an arrow.
The arrow hits you!!
You die...

#..............##
#..............#
#....<.......### #
#..........### ..
#........###
#..####....####
#..##...## ####
#....## ####...##
##..#####@).....#
##.##....))....#
####......ยง.....#
###...............#
#............$....#
#.................#
#................##
#...........e....#
##..............##


You could see a deep elf archer (repels missiles).

Vanquished Creatures
  Erolcha (D:13)
  A centaur warrior (D:13)
  Erica (D:8)
  A tengu warrior (D:13)
  5 two-headed ogres
  2 deep elf knights (D:13)
  The ghost of scottley the Ruffian, a novice TrMo (D:7)
  A deep elf zephyrmancer (D:13)
  2 ugly things (D:12)
  A cyclops (D:11)
  2 gargoyles
  A komodo dragon (D:10)
  2 unseen horrors
  Psyche (D:10)
  2 kobold demonologists
  A tengu conjurer (D:13)
  3 trolls
  3 shadows
  3 wraiths
  Grum (D:8)
  11 yaks
  A steam dragon (D:10)
  Menkaure (D:7)
  5 vampire mosquitoes
  An acid dragon (D:9)
  2 orc warriors
  A water moccasin (D:6)
  A black bear (D:5)
  A sky beast (D:5)
  5 necrophages (D:7)
  An ogre (D:6)
  5 centaurs
  3 wolves (D:8)
  8 bullfrogs
  2 gnoll sergeants
  7 scorpions
  2 water moccasin zombies
  A wyvern zombie (D:7)
  16 wights
  4 howler monkeys
  A bullfrog zombie (D:5)
  2 centaur zombies
  5 hounds
  A jelly (D:4)
  A centaur skeleton (D:4)
  6 iguanas
  A bullfrog skeleton (D:7)
  7 orc wizards
  A killer bee zombie (D:7)
  A hound skeleton (D:4)
  A howler monkey zombie (D:7)
  3 mummies (D:7)
  11 gnolls
  6 adders
  2 river rats (D:4)
  3 shadow imps
  A white imp (D:6)
  An ufetubus (D:6)
  An adder zombie (D:5)
  An adder skeleton (D:4)
  2 worms
  5 dart slugs
  20 orcs
  13 ball pythons
  4 bats
  17 endoplasms
  12 giant cockroaches
  11 goblins
  12 hobgoblins
  5 jackals
  15 quokkas
  9 frilled lizards
  5 kobolds
  3 rats
302 creatures vanquished.

Vanquished Creatures (others)
  2 withered plants (D:7)
2 creatures vanquished.

Grand Total: 304 creatures vanquished

Notes
Turn   | Place    | Note
-------+----------+-------------------------------------------
     0 | D:1      | a11behringer the Minotaur Berserker began the quest for the
                  | Orb.
     0 | D:1      | Reached XP level 1. HP: 19/19 MP: 0/0
   220 | D:1      | Reached XP level 2. HP: 13/27 MP: 1/1
   406 | D:1      | Reached skill level 4 in Axes
   694 | D:1      | Reached XP level 3. HP: 25/34 MP: 2/2
  1013 | D:1      | Found a faded altar of an unknown god.
  1258 | D:2      | Reached ** piety under Trog
  1507 | D:2      | Reached XP level 4. HP: 41/41 MP: 3/3
  1528 | D:2      | Found Ymavoun's Weapon Shop.
  1698 | D:3      | Reached skill level 5 in Axes
  1902 | D:3      | Reached XP level 5. HP: 47/47 MP: 4/4
  2571 | D:4      | Reached skill level 6 in Axes
  2622 | D:4      | Found a glowing drain.
  2631 | D:4      | Reached *** piety under Trog
  2633 | D:4      | Reached XP level 6. HP: 37/55 MP: 5/5
  2650 | Sewer    | Entered a sewer
  3182 | Sewer    | Reached skill level 5 in Fighting
  3185 | Sewer    | Reached skill level 7 in Axes
  3641 | D:4      | Reached **** piety under Trog
  3665 | D:4      | Reached XP level 7. HP: 48/61 MP: 6/6
  3835 | D:4      | Reached skill level 8 in Axes
  4117 | D:5      | Entered Level 5 of the Dungeon
  4152 | D:5      | Found a staircase to the Ecumenical Temple.
  4233 | D:5      | Reached skill level 5 in Armour
  4274 | D:5      | Reached skill level 9 in Axes
  4487 | D:5      | Reached XP level 8. HP: 62/70 MP: 7/7
  4802 | D:5      | Reached skill level 10 in Axes
  5689 | D:6      | Reached skill level 11 in Axes
  6412 | D:7      | Reached XP level 9. HP: 69/75 MP: 8/8
  6445 | D:7      | Found an ornate altar of the Wu Jian Council.
  6507 | D:7      | Found a sacrificial altar of Ru.
  6546 | D:7      | Identified a scroll of acquirement
  6546 | D:7      | Acquired the +4 battleaxe of Execution {vorpal, rN++ Will+}
  6847 | D:7      | Reached skill level 12 in Axes
  6945 | D:7      | Found a runed translucent door.
  6948 | D:7      | Noticed Menkaure
  6954 | D:7      | Killed Menkaure
  6965 | D:7      | Noticed scottley's ghost (novice TrMo)
  7129 | D:7      | Found Sedumm Coaxt's Distillery.
  7130 | D:7      | Reached ***** piety under Trog
  7255 | D:7      | Bought 2 potions of curing for 96 gold pieces
  7255 | D:7      | Bought a potion of heal wounds for 80 gold pieces
  7527 | D:7      | Killed scottley's ghost
  7528 | D:7      | Reached skill level 13 in Axes
  7817 | D:8      | Noticed Erica
  7825 | D:8      | Killed Erica
  7826 | D:8      | Reached XP level 10. HP: 82/86 MP: 9/9
  8028 | D:8      | Noticed Grum
  8032 | D:8      | Reached skill level 14 in Axes
  8041 | D:8      | Killed Grum
  8221 | D:8      | Noticed a two-headed ogre
  8224 | D:8      | Killed a two-headed ogre
  8715 | D:9      | Reached skill level 10 in Armour
  8724 | D:9      | Reached skill level 15 in Axes
  8790 | D:9      | Found a staircase to the Lair.
  8982 | D:9      | Found Qaggeg's Antique Armour Shoppe.
  9724 | D:10     | Entered Level 10 of the Dungeon
  9724 | D:10     | Noticed Psyche
  9729 | D:10     | Reached XP level 11. HP: 95/95 MP: 10/10
  9731 | D:10     | Killed Psyche
  9816 | D:10     | Reached skill level 16 in Axes
 10090 | D:10     | Found a staircase to the Orcish Mines.
 10380 | D:11     | Noticed a two-headed ogre
 10385 | D:11     | Killed a two-headed ogre
 10477 | D:11     | Found a shadowy altar of Dithmenos.
 10624 | D:11     | Reached skill level 17 in Axes
 10664 | D:11     | Noticed a two-headed ogre
 10669 | D:11     | Killed a two-headed ogre
 10872 | D:11     | Noticed a sixfirhy
 10882 | D:11     | Received a gift from Trog
 11290 | D:12     | Noticed a white ugly thing
 11300 | D:12     | Killed a white ugly thing
 11389 | D:12     | Noticed a brown ugly thing
 11399 | D:12     | Killed a brown ugly thing
 11537 | D:12     | Reached skill level 18 in Axes
 11657 | D:12     | Noticed a two-headed ogre
 11668 | D:12     | Killed a two-headed ogre
 12022 | D:12     | Reached XP level 12. HP: 98/105 MP: 11/11
 12373 | D:12     | Noticed a two-headed ogre
 12380 | D:12     | Killed a two-headed ogre
 12668 | D:13     | Noticed Erolcha
 12673 | D:13     | Killed Erolcha
 12675 | D:13     | Noticed a tengu warrior
 12685 | D:13     | Killed a tengu warrior
 12730 | D:13     | Noticed a centaur warrior
 12746 | D:13     | Killed a centaur warrior
 12747 | D:13     | Reached skill level 19 in Axes
 13056 | D:13     | Reached skill level 10 in Fighting
 13057 | D:13     | HP: 6/159 [something (12)]
 13061 | D:13     | Shot with an arrow by a deep elf archer

Illustrated notes

Levels and vault maps discovered:
D:1:      heliophobic_arrival_henge, layout_basic, ebering_ecumenical_altar_box,
          serial_curves, eino_curves_03, eino_curves_02
D:2:      layout_basic, serial_shops, shop, kennysheep_decorative_pillar
D:3:      layout_loops_cross, grunt_decor_junction
D:4:      layout_loops_ring, portal_sewer_entry_a,
          chequers_serial_rivers_small_3, hangedman_abyss_or_decor_stabs,
          st_stairs_12
D:5:      layout_basic, minmay_temple_entry_slanted, st_stairs_8
D:6:      layout_loops_ring, eino_small_chamber_without_monster
D:7:      layout_loops_ring, mainiacjoe_overflow_catwalk_spiral,
          ebering_ghost_reflecting_pool, serial_undead, serial_undead_b,
          serial_undead_c, serial_undead_f, serial_undead_c, serial_undead_a,
          serial_undead_b, serial_undead_d, serial_undead_e, serial_shops,
          nicolae_shop_window_shopping, uniq_menkaure
D:8:      layout_loops_ring, uniq_grum, uniq_erica
D:9:      layout_basic, lair_entry_dummy, serial_shops,
          nicolae_shop_hallway_plus
D:10:     layout_cave_pools, uniq_psyche
D:11:     layout_loops_cross, grunt_dithmenos_smoke_and_mirrors
D:12:     layout_roguey
D:13:     statuecave_lemuel, layout_cave_pods, minmay_misc_feat_rows, drop_trap,
          uniq_erolcha

Skill      XL: |  1  2  3  4  5  6  7  8  9 10 11 12 |
---------------+-------------------------------------+-----
Fighting       | 4 5 6 7 8 9 10 | 10.1
Axes           | 4 5 6 7 9 11 13 15 18 19 | 19.2
Armour         | 3 4 5 7 9 10 11 | 11.8
Dodging        | 3 |  3.3

Action                   |  1- 3 |  4- 6 |  7- 9 | 10-12 || total
-------------------------+-------+-------+-------+-------++-------
Melee: Hand axe          |   105 |   201 |   190 |       ||   496
       Headbutt          |    13 |    25 |    59 |    55 ||   152
       Battleaxe         |       |       |    60 |   263 ||   323
Invok: Berserk           |     1 |     2 |     3 |    10 ||    16
       Trog's Hand       |       |       |     3 |     3 ||     6
  Use: Scroll            |       |     4 |     5 |    10 ||    19
Armor: Animal skin       |     9 |       |       |       ||     9
       Scale mail        |    30 |    19 |       |       ||    49
       Chain mail        |       |    87 |       |       ||    87
       Plate armour      |       |    13 |   124 |   138 ||   275
Dodge: Dodged            |    61 |    78 |    77 |   107 ||   323

Table legend: (Time is in decaauts)
 A = Elapsed time spent in this place.
 B = Non-inter-level travel time spent in this place.
 C = Inter-level travel time spent in this place.
 D = Time resting spent in this place.
 E = Time spent auto-exploring this place.
 F = Levels seen in this place.
 G = Mean time per level.
                   A        B        C        D        E       F      G
               +--------+--------+--------+--------+--------+-----+--------+
         Total |  13201 |  11953 |   1248 |    410 |   9669 |  14 |  942.9 |
       Dungeon |  12413 |  11165 |   1248 |    410 |   9200 |  13 |  954.8 |
         Sewer |    788 |    788 |      0 |      0 |    469 |   1 |  788.0 |
               +--------+--------+--------+--------+--------+-----+--------+

Top non-repeatable levels by time:
    D:12: 1401 daAuts
     D:7: 1344 daAuts
     D:1: 1249 daAuts
     D:5: 1224 daAuts
     D:6: 1052 daAuts
     D:9: 1034 daAuts
     D:8: 981 daAuts
    D:11: 918 daAuts
     D:4: 867 daAuts
     D:3: 845 daAuts
   Sewer: 788 daAuts
    D:10: 653 daAuts
     D:2: 453 daAuts
    D:13: 387 daAuts
